 Dungeon Crawl Stone Soup version 0.30-a0-739-gea05faddec (webtiles) character file.

Game seed: 3440460172524766866

761 oldriver the Skirmisher (level 8, -4/68 HPs)
             Began as a Meteoran Hunter on Feb 5, 2023.
             Was an Initiate of Okawaru.
             Slain by a wight
             ... wielding a +0 dire flail
              (13 damage)
             ... on level 7 of the Dungeon.
             The game lasted 00:14:24 (3118 turns).

oldriver the Skirmisher (Meteoran Hunter)           Turns: 3118, Time: 00:14:24

Health: -4/68      AC:  5    Str: 12    XL:     8   Next: 29%
Magic:  9/9        EV: 13    Int: 11    God:    Okawaru [......]
Gold:   176        SH:  0    Dex: 16    Spells: 7/7 levels left

rFire   . . .      SeeInvis .    a - +1 shortbow
rCold   . . .      Faith    .    (shield currently unavailable)
rNeg    + + +      Spirit   .    c - +0 leather armour
rPois   .          Reflect  .    (no helmet)
rElec   .          Harm     .    d - +1 cloak of Wrong Decisions {rN+++ Will++ Regen+ Dex-4}
rCorr   .          Rampage  .    (no gloves)
Will    +++..                    (no boots)
Stlth   +                        (no amulet)
HPRegen 1.11/turn                (no ring)
MPRegen 0.11/turn                (no ring)

@: mighty, glowing
A: sense surroundings 1, otherworldly, glowing, explore regen
a: Renounce Religion


You were on level 7 of the Dungeon.
You worshipped Okawaru.
Okawaru was noncommittal.
You visited 2 branches of the dungeon, and saw 8 of its levels.

You collected 368 gold pieces.
You spent 192 gold pieces at shops.

Inventory:

Hand Weapons
 a - a +1 shortbow (weapon)
 g - a +2 whip of electrocution
 m - a +3 spear
 o - a +1 short sword of draining
Armour
 c - a +0 leather armour (worn)
 d - the +1 cloak of Wrong Decisions (worn) {rN+++ Will++ Regen+ Dex-4}
   (You acquired it on level 2 of the Dungeon)

   Dex:       It affects your dexterity (-4).
   rN:        It renders you almost immune to negative energy.
   Regen:     It increases your rate of health regeneration.
   Will:      It greatly increases your willpower.
 p - a +2 buckler
 q - a +1 ring mail of positive energy
Scrolls
 b - a scroll of immolation
 f - a scroll of amnesia
 j - a scroll of teleportation
Potions
 e - 2 potions of might
 h - 2 potions of heal wounds
 i - a potion of attraction {unknown}
 k - a potion of invisibility {unknown}
 l - 2 potions of berserk rage
 n - 5 potions of curing
 r - a potion of magic {unknown}
 s - 5 potions of brilliance
 t - a potion of lignification {unknown}


   Skills:
 + Level 5.3 Fighting
 * Level 8.4 Ranged Weapons
 + Level 2.0 Armour
 + Level 3.3 Dodging
 - Level 0.6 Stealth


You had 7 spell levels left.
You didn't know any spells.
Your spell library contained the following spells:

 Spells                   Type           Power      Damage    Failure   Level
 Sting                    Tmut/Pois      0%         1d3       41%         1
 Blink                    Tloc           0%         N/A       56%         2
 Poisonous Vapours        Pois/Air       0%         N/A       56%         2
 Hailstorm                Conj/Ice       0%         3d3       80%         3
 Ice Form                 Ice/Tmut       0%         N/A       99%         4
 Manifold Assault         Tloc           0%         N/A       99%         4
 Olgreb's Toxic Radiance  Pois           0%         N/A       99%         4
 Storm Form               Tmut/Air       0%         N/A       100%        7
 Simulacrum               Ice/Necr       Unusable   N/A       N/A         6

Dungeon Overview and Level Annotations

Branches:
Dungeon (7/15) Zot: 1189   Temple (1/1) D:4 Zot: 408

Altars:
Cheibriados
Dithmenos
Fedhas
Gozag
Hepliaklqana
Kikubaaqudgha
Makhleb
Nemelex Xobeh
Okawaru
Qazlal
Ru
Sif Muna
Trog
Vehumet
Wu Jian

Shops:
D:4 !

Annotations:
D:3 3 runed translucent doors, ZeroWinrate's ghost, amateur AtWn


Innate Abilities, Weirdness & Mutations

You passively map a small area around you.
You are easily found by Zot.
You glow in the dark.
You regain HP and MP as you explore.


Message History

You are too injured to fight recklessly!
You are too injured to fight recklessly!
You are too injured to fight recklessly!
You are too injured to fight recklessly!
You are too injured to fight recklessly!
You are too injured to fight recklessly!
You are too injured to fight recklessly!
You are too injured to fight recklessly!
You are too injured to fight recklessly!
You are too injured to fight recklessly!
You are too injured to fight recklessly!
You are too injured to fight recklessly!
You are too injured to fight recklessly!
You are too injured to fight recklessly!
You are too injured to fight recklessly!
Okay, then.
You feel very mighty all of a sudden.
The wight hits you with a +5 great sword!
The wight hits you with a +0 dire flail!
Fire: a) +1 shortbow
Press: ? - help, Shift-Dir - straight line, f/p - wight
Aim: a wight, wielding a +0 dire flail and wearing a +0 robe (heavily damaged, 67% to hit)
You shoot an arrow. The arrow completely misses the wight.
The wight misses you.
The wight hits you with a +0 dire flail!
* * * LOW HITPOINT WARNING * * *
The wight hits you but does no damage. The wight closely misses you.
Fire: a) +1 shortbow
Press: ? - help, Shift-Dir - straight line, f/p - wight
Aim: a wight, wielding a +0 dire flail and wearing a +0 robe (heavily damaged, 67% to hit)
You shoot an arrow. The arrow barely misses the wight.
The wight barely misses you.
The wight hits you with a +0 dire flail.
* * * LOW HITPOINT WARNING * * *
Fire: a) +1 shortbow
Press: ? - help, Shift-Dir - straight line, f/p - wight
Aim: a wight, wielding a +0 dire flail and wearing a +0 robe (heavily damaged, 67% to hit)
You shoot an arrow. The arrow closely misses the wight.
The wight hits you with a +0 dire flail!
You die...

* , * .### ** #
,...* # * .###.. *
.# , , ,###..
..##**,..# * , ,.
#...# #..# ...# .z.
#..## ..##.....
,,#..#..###........
, , ,
#...z@.<....... , ,
, * ##..z..........
, , *
#.............
#....##....####. *
...######..... , *
..## #...... * .
#....... #....... ,
, *


You could see 2 wights.

Vanquished Creatures
  Sigmund (D:3)
  A centaur (D:6)
  A necrophage (D:3)
  A howler monkey (D:6)
  3 hounds
  A jelly (D:4)
  2 orc priests
  2 iguanas
  2 orc wizards (D:5)
  3 adders
  A shadow imp (D:6)
  4 worms
  A dart slug (D:3)
  19 orcs
  5 endoplasms
  3 giant cockroaches
  3 goblins
  8 hobgoblins
  2 jackals (D:2)
  A quokka (D:1)
  10 ball pythons
  5 bats
  5 frilled lizards
  3 kobolds
  2 rats
89 creatures vanquished.

Vanquished Creatures (others)
  2 plants (D:1)
2 creatures vanquished.

Grand Total: 91 creatures vanquished

Notes
Turn   | Place    | Note
-------+----------+-------------------------------------------
     0 | D:1      | oldriver the Meteoran Hunter began the quest for the Orb.
     0 | D:1      | Reached XP level 1. HP: 17/17 MP: 2/2
   120 | D:1      | Reached XP level 2. HP: 25/25 MP: 3/3
   430 | D:1      | Reached XP level 3. HP: 23/30 MP: 4/4
   438 | D:1      | Reached skill level 5 in Ranged Weapons
   475 | D:1      | Glimpsed the power of Zot.
   892 | D:2      | Found a faded altar of an unknown god.
   964 | D:2      | Identified a scroll of acquirement
   964 | D:2      | Acquired the +1 cloak of Wrong Decisions {rN+++ Will++
                  | Regen+ Dex-4}
  1007 | D:3      | Reached XP level 4. HP: 34/38 MP: 5/5
  1085 | D:3      | Noticed Sigmund
  1101 | D:3      | Killed Sigmund
  1102 | D:3      | Reached skill level 6 in Ranged Weapons
  1102 | D:3      | Reached XP level 5. HP: 18/46 MP: 6/6
  1102 | D:3      | Reached XP level 6. HP: 21/52 MP: 7/7
  1141 | D:3      | Reached skill level 7 in Ranged Weapons
  1348 | D:3      | Found a runed translucent gate.
  1348 | D:3      | Identified the +2 scale mail "Farufash" {rN+}
  1348 | D:3      | Noticed ZeroWinrate's ghost (amateur AtWn)
  1349 | D:3      | Found a runed translucent gate.
  1350 | D:3      | Found a runed translucent gate.
  1560 | D:4      | Reached XP level 7. HP: 47/60 MP: 8/8
  1699 | D:4      | Found an ornate altar of the Wu Jian Council.
  1734 | D:4      | Found a staircase to the Ecumenical Temple.
  1760 | Temple   | Entered the Ecumenical Temple
  1932 | Temple   | Became a worshipper of Warmaster Okawaru
  2062 | D:4      | Found Ysim's Distillery.
  2065 | D:4      | Bought a potion of heal wounds for 60 gold pieces
  2065 | D:4      | Bought 2 potions of might for 96 gold pieces
  2065 | D:4      | Bought a potion of curing for 36 gold pieces
  2083 | D:4      | Found a bloodstained altar of Trog.
  2102 | D:4      | Reached skill level 5 in Fighting
  2163 | D:5      | Entered Level 5 of the Dungeon
  2215 | D:5      | Reached skill level 8 in Ranged Weapons
  2216 | D:5      | Reached skill level 1 in Armour
  2477 | D:5      | Reached XP level 8. HP: 50/68 MP: 9/9
  2554 | D:5      | HP: 3/68 [ogre/+0 giant spiked club (19)]
  3118 | D:7      | Slain by a wight

Illustrated notes

Levels and vault maps discovered:
D:1:      dpeg_arrival_three_same_balls, layout_loops_ring, serial_park_tiny_2,
          hex_tiny, chequers_big_river, amethyst_killhole
D:2:      layout_loops_ring, chequers_ecumenical_altar_simple_redux
D:3:      layout_basic, biasface_ghost_orc_armoury, minivault_11, uniq_sigmund
D:4:      layout_basic, nicolae_wu_jian_glorious_leap, bloody_trog,
          minmay_temple_entry_proselytizer, serial_shops, kennysheep_mini
D:5:      layout_gridville, mainiacjoe_overflow_alcove_3,
          small_statue_intersection
D:6:      layout_loops_corners, serial_shops, nicolae_shop_behind_doors
D:7:      layout_layer_cave, uniq_joseph, uniq_duvessa
Temple:   nicolae_temple_bog_church

Skill      XL: |  1  2  3  4  5  6  7  8 |
---------------+-------------------------+-----
Ranged Weapons | 5 6 7 8 |  8.4
Fighting       | 3 4 5 |  5.3
Armour         | 1 2 |  2.0
Dodging        | 3 |  3.3
Stealth        | |  0.6

Action                     |  1- 3 |  4- 6 |  7- 9 || total
---------------------------+-------+-------+-------++-------
   Fire: Shortbow          |   117 |    57 |   181 ||   355
    Use: Scroll            |    10 |       |     4 ||    14
         Potion            |       |       |     1 ||     1
 Armour: Leather armour    |    24 |    13 |    36 ||    73
  Dodge: Dodged            |    41 |    28 |    89 ||   158

Table legend: (Time is in decaauts)
 A = Elapsed time spent in this place.
 B = Non-inter-level travel time spent in this place.
 C = Inter-level travel time spent in this place.
 D = Time resting spent in this place.
 E = Time spent auto-exploring this place.
 F = Levels seen in this place.
 G = Mean time per level.
                   A        B        C        D        E       F      G
               +--------+--------+--------+--------+--------+-----+--------+
         Total |   3200 |   2937 |    263 |     56 |    199 |   8 |  400.0 |
       Dungeon |   3009 |   2783 |    226 |     56 |     64 |   7 |  429.9 |
        Temple |    191 |    155 |     36 |      0 |    135 |   1 |  191.0 |
               +--------+--------+--------+--------+--------+-----+--------+

Top non-repeatable levels by time:
     D:3: 538 daAuts
     D:1: 535 daAuts
     D:5: 520 daAuts
     D:2: 493 daAuts
     D:4: 473 daAuts
     D:6: 428 daAuts
  Temple: 191 daAuts
     D:7: 20 daAuts
